 Dungeon Crawl Stone Soup version 0.28.0 (webtiles) character file.

Game seed: 16989453894635596557

373 AmazingTV the Sneak (level 6, -2/32 HPs)
             Began as a Spriggan Brigand on Mar 19, 2024.
             Slain by an orc priest (4 damage)
             ... on level 3 of the Dungeon.
             The game lasted 00:16:12 (5310 turns).

AmazingTV the Sneak (Spriggan Brigand)              Turns: 5310, Time: 00:16:12

Health: -2/32      AC:  3    Str:  9    XL:     6   Next: 43%
Magic:  7/7        EV: 20    Int: 12    God:
Gold:   69         SH:  0    Dex: 17    Spells: 5/5 levels left

rFire   . . .      SeeInvis +   a - +2 dagger {short}
rCold   + . .      Faith    .   (no shield)
rNeg    . . .      Spirit   .   b - +0 robe
rPois   .          Reflect  .   (helmet restricted)
rElec   .          Harm     .   c - +0 cloak
rCorr   .          Rampage  .   (gloves unavailable)
Will    +....                   (boots unavailable)
Stlth   +++.......              (no amulet)
HPRegen 0.10/turn               n - ring of protection from cold
MPRegen 0.10/turn               (no ring)

@: very quick
A: very small, no large weapons, unfitting armour, see invisible, speed 3
a: no special abilities


You were on level 3 of the Dungeon.
You visited 1 branch of the dungeon, and saw 3 of its levels.

You collected 69 gold pieces.


Innate Abilities, Weirdness & Mutations

You are very small and have problems with some larger weapons.
You are too small for most types of armour.
You have supernaturally acute eyesight. (SInv)
You cover ground extremely quickly. (Speed+++)


   Skills:
 + Level 2.8 Fighting
 + Level 3.8 Short Blades
 + Level 3.5 Throwing
 * Level 5.5 Dodging
 - Level 5.8 Stealth


You had 5 spell levels left.
You didn't know any spells.
Your spell library contained the following spells:

 Spells                   Type           Power      Damage    Failure   Level
 Freezing Cloud           Conj/Ice/Air   0%         6-21      100%        5
 Simulacrum               Ice/Necr       0%         N/A       100%        6
 Polar Vortex             Ice            0%         N/A       100%        9

Inventory:

Hand Weapons
 a - a +2 dagger (weapon) {short}
 g - a +0 short sword {short}
   (You took it off a kobold on level 1 of the Dungeon)
Missiles
 d - 10 poisoned darts (quivered)
 e - 7 curare-tipped darts {=f}
 f - 80 stones
 h - 9 bolts
 j - 13 arrows
Armour
 b - a +0 robe (worn)
 c - a +0 cloak (worn)
Jewellery
 n - a ring of protection from cold (left hand)
   (You found it on level 1 of the Dungeon)
Scrolls
 i - a scroll of torment {unknown}
 k - a scroll of enchant armour {unknown}
 m - a scroll of vulnerability {unknown}
 q - a scroll of magic mapping {unknown}
 r - 2 scrolls of teleportation {unknown}
 t - a scroll of holy word {unknown}
Potions
 l - a potion of mutation {unknown}
 o - a potion of might {unknown}
 p - a potion of haste {unknown}
 s - a potion of attraction {unknown}

Dungeon Overview and Level Annotations

Branches:
Dungeon (3/15)

Altars:

Shops:
D:1 (

Annotations:
D:2 Grinder

#.......##..###.# #.##..#....###
..........>####.####.. ...#......
......###..........##...#.#......
......##..#........## ..#........
.............)......#.#..........
.....###.##.............##.......
....###..##.....)........<.......
##..# ..###........$..#....o.....
........ #.....@........g.o.....
........ #.....o................
.... ... ######.................
.. ..................
.................S
....#..............
......#............
.....####........... ##..........


You could see an orc priest.


Message History

The goblin closely misses you.
You hit Robin. Robin misses you.
You hit Robin.
You kill Robin!
The goblin misses you.
The orc shouts!
You hit the goblin. The goblin closely misses you.
You hit the goblin.
You kill the goblin!
The adder completely misses you. 😕 HP[+1]
You hit the adder but do no damage. The adder closely misses you.
You miss the adder. The adder closely misses you.
You hit the adder. The adder bites you. 😕 HP[-2]
You take 2 damage, and now have 26/32 hp.
You hit the adder. The adder barely misses you.
You hit the adder. The adder bites you but does no damage.
You completely miss the adder. The adder completely misses you.
The orc hits you with a +0 dagger. 😮 HP[-3]
You take 3 damage, and now have 23/32 hp.
You hit the adder. Your punch misses the adder. The adder misses you.
The orc closely misses you.
You closely miss the orc. The adder bites you but does no damage.
You hit the orc. The orc closely misses you. The adder misses you.
You hit the orc. The adder barely misses you. The orc closely misses you.
You closely miss the adder. The adder misses you.
The orc hits you but does no damage.
You hit the orc. The adder closely misses you.
The orc hits you with a +0 dagger. 😮 HP[-3]
You take 3 damage, and now have 20/32 hp.
You hit the orc.
You kill the orc!
The adder completely misses you.
You miss the adder. The adder completely misses you.
You hit the adder. The adder misses you.
You closely miss the adder. The adder misses you. x2
You hit the adder. Your punch misses the adder. The adder barely misses you.
You hit the adder. The adder misses you.
You hit the adder.
You kill the adder!
You see here a +0 dagger {short}.
You see here a +0 dagger {short}.
d - 2 poisoned darts (gained 1)
Items here: ) [[ †.
Okay, then.
You start resting. 😎 HP[+12]
Your hp is fully restored (32).
d - 3 poisoned darts (gained 1)
d - 4 poisoned darts (gained 1)
d - 6 poisoned darts (gained 2)
d - 7 poisoned darts (gained 1)
d - 8 poisoned darts (gained 1)
d - 9 poisoned darts (gained 1)
Things that are here:
a +0 club {mace}; a +0 club {mace}
d - 10 poisoned darts (gained 1)
e - 7 curare-tipped darts {=f} (gained 2)
Found an escape hatch in the floor.
The goblin shouts!
You barely miss the goblin. The goblin hits you but does no damage.
The orc shouts!
You hit the goblin.
You kill the goblin!
You see here a +0 dagger {short}.
You hit the orc. The orc completely misses you.
The orc priest shouts!
You hit the orc. The orc misses you.
The orc priest calls down the wrath of Beogh upon you.
Beogh smites you! 😮 HP[-12]
You take 12 damage, and now have 20/32 hp.
MASSIVE DAMAGE!! (PAUSE)
You hit the orc but do no damage. You hit the orc.
You kill the orc!
You closely miss the orc priest. The orc priest hits you with a +0 club.
* * * LOW HITPOINT WARNING * * *
😨 HP[-4]
You take 4 damage, and now have 16/32 hp.
You hit the orc priest but do no damage.
The orc priest hits you but does no damage.
You hit the orc priest but do no damage.
The orc priest mumbles some strange prayers to Beogh against you.
Beogh smites you!
* * * LOW HITPOINT WARNING * * *
😱 HP[-15]
You take 15 damage, and now have 1/32 hp.
MASSIVE DAMAGE!! (PAUSE)
You hit the orc priest. The orc priest misses you.
You hit the orc priest but do no damage.
You hit the orc priest but do no damage.
The orc priest barely misses you. 😱 HP[+1]
You hit the orc priest but do no damage.
The orc priest hits you with a +0 club.
You die...

Skill      XL: |  1  2  3  4 |
---------------+-------------+-----
Dodging        | 2 3 5 |  5.5
Fighting       | 2 |  2.8
Short Blades   | 3 |  3.8
Throwing       | 3 |  3.5
Stealth        | |  5.8

Action                   |  1- 3 |  4- 6 || total
-------------------------+-------+-------++-------
Melee: Dagger            |    81 |   252 ||   333
       Punch             |     1 |     5 ||     6
Throw: Dart              |    16 |    33 ||    49
 Stab: Sleeping          |     8 |     2 ||    10
       Distracted        |       |     1 ||     1
Armor: Robe              |     7 |    30 ||    37
Dodge: Dodged            |    46 |   206 ||   252

Levels and vault maps discovered:
D:1:      dpeg_arrival_stonehenge_8_columns, layout_basic, serial_shops,
          nicolae_shop_hallway_plus
D:2:      layout_loops_cross, ebering_ecumenical_altar_sacrificial,
          kennysheep_generic_room_2, uniq_sigmund
D:3:      layout_rooms, uniq_robin, uniq_grinder

Notes
Turn   | Place    | Note
-------+----------+-------------------------------------------
     0 | D:1      | AmazingTV the Spriggan Brigand began the quest for the Orb.
     0 | D:1      | Reached XP level 1. HP: 10/10 MP: 2/2
     0 | D:1      | magus.rc [v1.9.6]
   165 | D:1      | Reached skill level 2 in Dodging
   181 | D:1      | HP: 1/11 [dart slug (2)]
   183 | D:1      | Reached XP level 2. HP: 2/15 MP: 3/3
   737 | D:1      | Found Vynoraps's Weapon Emporium.
   774 | D:1      | Reached XP level 3. HP: 18/18 MP: 4/4
  1144 | D:1      | You pick up a book of Ice and begin reading...
  1144 | D:1      | You add the spells Freezing Cloud, Simulacrum and Polar
                  | Vortex to your library.
  1407 | D:1      | Reached skill level 3 in Dodging
  1568 | D:2      | Reached skill level 2 in Fighting
  1607 | D:2      | Reached XP level 4. HP: 19/23 MP: 5/5
  1948 | D:2      | Noticed Sigmund
  1973 | D:2      | Killed Sigmund
  1974 | D:2      | Reached skill level 3 in Short Blades
  1974 | D:2      | Reached skill level 3 in Throwing
  1974 | D:2      | Reached skill level 5 in Dodging
  1974 | D:2      | Reached XP level 5. HP: 27/27 MP: 6/6
  2089 | D:2      | Reached XP level 6. HP: 31/32 MP: 7/7
  2235 | D:2      | Found a faded altar of an unknown god.
  2972 | D:3      | Noticed Robin
  3487 | D:3      | Noticed Grinder
  3488 | D:3      | Paralysed by Grinder for 2 turns
  3498 | D:3      | HP: 7/32 [Grinder (2)]
  4356 | D:3      | HP: 7/32 [Robin (3)]
  4728 | D:2      | Paralysed by Grinder for 3 turns
  4731 | D:2      | HP: 4/32 [Grinder (5)]
  5082 | D:3      | Killed Robin
  5306 | D:3      | HP: 1/32 [orc priest/divine providence (15)]
  5310 | D:3      | Slain by an orc priest

Vanquished Creatures
  Sigmund (D:2)
  2 orc wizards (D:2)
  Robin (D:3)
  A gnoll (D:1)
  6 adders
  A worm (D:3)
  4 dart slugs
  6 orcs
  5 ball pythons
  2 bats (D:1)
  6 endoplasms
  A giant cockroach (D:1)
  14 goblins
  9 hobgoblins
  4 jackals
  4 kobolds
  3 frilled lizards
  4 rats (D:1)
74 creatures vanquished.

Table legend:
 A = Non-vault XP
 B = Vault XP
 C = Vault XP percentage of total XP
 D = Non-vault monster count
 E = Vault monster count
 F = Vault count percentage of total count
                 A         B        C        D         E       F
            +---------+---------+-------+---------+---------+-------
      Total |     258 |     275 |  51.6 |      60 |      14 |  18.9
            +---------+---------+-------+---------+---------+-------
        D:1 |      58 |       0 |   0.0 |      26 |       0 |   0.0
        D:2 |     131 |     248 |  65.4 |      19 |       7 |  26.9
        D:3 |      69 |      27 |  28.1 |      15 |       7 |  31.8
            +---------+---------+-------+---------+---------+-------

Illustrated notes

Table legend:
 A = Kills in this place as a percentage of kills in entire the game.
 B = Kills by you in this place as a percentage of kills by you in the entire game.
 C = Kills by friends in this place as a percentage of kills by friends in the entire game.
 D = Other kills in this place as a percentage of other kills in the entire game.
 E = Experience gained in this place as a percentage of experience gained in the entire game.
 F = Experience gained in this place divided by the number of levels of this place that you have seen.
                   A       B       C       D       E      F
               +-------+-------+-------+-------+-------+----------------------
         Total | 100.0 | 100.0 |   N/A |   N/A | 100.0 | 177.7
       Dungeon | 100.0 | 100.0 |   N/A |   N/A | 100.0 | 177.7
               +-------+-------+-------+-------+-------+----------------------

Table legend: (Time is in decaauts)
 A = Elapsed time spent in this place.
 B = Non-inter-level travel time spent in this place.
 C = Inter-level travel time spent in this place.
 D = Time resting spent in this place.
 E = Time spent auto-exploring this place.
 F = Levels seen in this place.
 G = Mean time per level.
                   A        B        C        D        E       F      G
               +--------+--------+--------+--------+--------+-----+--------+
         Total |   4395 |   4234 |    161 |   2525 |    941 |   3 | 1465.0 |
       Dungeon |   4395 |   4234 |    161 |   2525 |    941 |   3 | 1465.0 |
               +--------+--------+--------+--------+--------+-----+--------+

Top non-repeatable levels by time:
     D:2: 2202 daAuts
     D:1: 1411 daAuts
     D:3: 780 daAuts
